Cogmind - Beta 16 @@@ ROGUE MODE // 2026.01.08 @ 12:59:16 Player: Lunishko Result: Destroyed by ZK-06T(R) with Subdweller Laser Performance ------------- Evolutions (0) 0 Regions Visited (3) 600 Robots Destroyed (26) 130 Value Destroyed (576) 576 Prototype IDs (0) 0 Alien Tech Used (0) 0 Bonus (0) 0 TOTAL SCORE: 1306 Bonus ------- None Cogmind --------- Core Integrity 0/250 Matter 273/300 Energy 250/250 System Corruption 1% Temperature Cool (6) Movement Treading (240) Ox1 Location -10/Subcaves Parts ------- > --- POWER (1) -------- Ion Engine > --- PROPULSION (2) --- Light Treads > --- UTILITY (2) ------ Large Storage Unit Signal Interpreter > --- WEAPON (2) ------- Grenade Launcher Grenade Launcher > --- INVENTORY (15) --- Sensor Array ECM Suite Scrap Shield Hacking Suite Medium Laser Light EM Pulse Cannon Light EM Pulse Cannon Grenade Launcher Mining Laser Peak State ------------ > --- POWER ------------ Light Nuclear Core > --- PROPULSION ------- Light Treads Light Treads > --- UTILITY ---------- Large Storage Unit Signal Interpreter > --- WEAPON ----------- Grenade Launcher Mining Laser > --- INVENTORY -------- Ion Engine Visual Processing Unit Sensor Array Hacking Suite Medium Laser Medium Laser Light EM Pulse Cannon Light EM Pulse Cannon Assault Rifle Mining Laser [Rating: 10] Favorites ----------- Power Light Nuclear Core Engine Ion Engine Power Core Light Nuclear Core Propulsion Light Treads Treads Light Treads Utility Large Storage Unit Storage Large Storage Unit Processor Signal Interpreter Weapon Grenade Launcher Energy Gun Medium Laser Launcher Grenade Launcher Special Weapon Mining Laser Build | -11 -10 -10 -10 ------- Run | Yrd Mat Min Sub Slots Evolved . | . . . . Power . | . . . . Propulsion . | . . . . Utility . | . . . . Weapon . | . . . . Parts Attached 14 | 5 6 1 2 Power 2 | 1 1 . . Engine 1 | 1 . . . Core 1 | . 1 . . Reactor . | . . . . Propulsion 2 | 2 . . . Treads 2 | 2 . . . Leg . | . . . . Wheel . | . . . . Hover . | . . . . Flight . | . . . . Utility 2 | . 2 . . Device . | . . . . Storage 1 | . 1 . . Processor 1 | . 1 . . Hackware . | . . . . Protection . | . . . . Artifact . | . . . . Weapon 8 | 2 3 1 2 Energy Gun 2 | 2 . . . Energy Cannon . | . . . . Ballistic Gun . | . . . . Ballistic Cannon . | . . . . Launcher 5 | . 2 1 2 Special Weapon 1 | . 1 . . Impact Weapon . | . . . . Slashing Weapon . | . . . . Piercing Weapon . | . . . . Special Melee Weapon . | . . . . Unidentified Prototypes . | . . . . Parts Lost 4 | . . . 4 Power 1 | . . . 1 Propulsion 1 | . . . 1 Utility . | . . . . Weapon 2 | . . . 2 Highest Loss Streak 4 | . . . 4 To Critical Strikes . | . . . . Average Backups 8 | 1 7 14 9 Power . | . . 1 . Propulsion . | . . . . Utility 2 | . 2 5 4 Weapon 4 | . 4 8 5 Tool/Special . | . . . . Unused Backups 11 | . 2 . 9 Power . | . . . . Propulsion . | . . . . Utility 6 | . 1 . 5 Weapon 5 | . 1 . 4 Tool/Special . | . . . . Average Slot Usage (%) 88 | . 88 100 84 Engine 6 | . 4 . 11 Core 7 | . 9 14 1 Treads 24 | . 28 28 15 Storage 12 | . 11 14 14 Processor 8 | . 5 14 14 Energy Gun 7 | . 12 . . Launcher 16 | . 9 28 26 Special Weapon 3 | . 5 . . Peak Build Rating 10 | 5 10 10 10 Average Rating 7 | 3 8 10 7 On Entrance 6 | . 5 10 10 Avg Prop Armor Cover (%) . | . . . . Naked Turns . | . . . . Heaviest Build 31 | 9 30 31 31 Greatest Support 40 | 40 40 40 40 Greatest Overweight (x) 1 | . . . 1 Average Overweight (x) . | . . . . Largest Inventory Capacity 15 | 5 15 15 15 Average Capacity 13 | 5 13 15 15 Most Carried 14 | 4 14 14 14 Average Carried 8 | 1 7 14 10 Final Capacity 15 | 5 15 15 15 Final Carried 14 | 2 14 14 10 Class Distribution -------------------- 100% | Mutant Dominant Class ---------------- Mutant | -10/Materials Mutant | -10/Mines Mutant | -10/Subcaves Resources | -11 -10 -10 -10 ----------- Run | Yrd Mat Min Sub Matter Collected 806 | 210 365 106 125 Remotely . | . . . . Salvage Created 441 | . 348 58 35 Parts 38 | . 29 6 3 Haulers Intercepted . | . . . . Recyclers Shooed 1 | . 1 . . Parts Field Recycled . | . . . . Retrieved Matter . | . . . . Parts Self-Destructed 9 | . . . 9 Prevented . | . . . . Parts Restored . | . . . . Kills | -11 -10 -10 -10 ------- Run | Yrd Mat Min Sub Combat Hostiles Destroyed 15 | . 9 5 1 Guns 2 | . 2 . . AOE 13 | . 7 5 1 Classes Destroyed 8 | . 7 . 1 Worker 2 | . 1 1 . Builder 1 | . 1 . . Recycler 3 | . 3 . . Operator 2 | . 2 . . Watcher 3 | . 3 . . Swarmer 6 | . 3 3 . Grunt 8 | . 6 2 . Subdweller 1 | . . . 1 Best Kill Streak 4 | . 4 3 1 Combat Bots Only 3 | . 2 3 1 Max Kills in Single Turn 3 | . 2 3 1 Gunslinging . | . . . . Exploded 3 | . 2 3 1 Melee . | . . . . Uniques/NPCs Destroyed . | . . . . Combat | -11 -10 -10 -10 -------- Run | Yrd Mat Min Sub Hostile Shots Fired 64 | . 32 3 29 Missed 16 | . 11 1 4 Hits 48 | . 21 2 25 Projectile 48 | . 21 2 25 Critical Strikes 2 | . 2 . . Damage Taken 894 | . 325 53 516 Core 271 | . 113 11 147 Absorbed by Shields . | . . . . Core Remaining (%) 100 | 100 . . . Volleys Fired 51 | . 44 5 2 Largest 2 | . 2 2 2 Hottest 100 | . 100 60 60 Shots Fired 63 | . 49 10 4 Gun 11 | . 11 . . Cannon . | . . . . Launcher 50 | . 36 10 4 Special 2 | . 2 . . Kinetic . | . . . . Thermal 13 | . 13 . . Explosive 50 | . 36 10 4 Electromagnetic . | . . . . Robot Hit Streak 4 | . 3 . 4 Robot Miss Streak 3 | . 3 . . Penetration Max . | . . . . Secondary Targets . | . . . . Shots Hit Robots 11 | . 9 . 2 Core Hits 47 | . 36 9 2 Critical Kills . | . . . . Critical Parts Destroyed . | . . . . Critical Strikes 1 | . 1 . . Burn 1 | . 1 . . Melee Attacks . | . . . . Impact . | . . . . Slashing . | . . . . Piercing . | . . . . Sneak Attacks . | . . . . Combat Hostiles . | . . . . Follow-up Attacks . | . . . . Damage Inflicted 1986 | . 1222 380 384 Guns 51 | . 51 . . Cannons . | . . . . Explosions 1928 | . 1171 373 384 Melee . | . . . . Ramming 7 | . . 7 . Kinetic . | . . . . Thermal 51 | . 51 . . Explosive 1928 | . 1171 373 384 Electromagnetic . | . . . . Impact . | . . . . Slashing . | . . . . Piercing . | . . . . Highest Corruption 1 | . 1 1 1 Average Corruption 1 | . 1 1 1 Corruption Purged . | . . . . Corruption Blocked . | . . . . Effects 3 | . . . 3 Message Errors 1 | . . . 1 Matter Fused 1 | . . . 1 Data Loss (minor) 1 | . . . 1 Overload Shots . | . . . . Overflow Damage 1 | . 1 . . Projectiles . | . . . . Explosions 1 | . 1 . . Melee . | . . . . Knockbacks . | . . . . Impact . | . . . . Kinetic . | . . . . Secondary . | . . . . Self-Inflicted Damage 87 | . 56 31 . Shots 4 | . 3 1 . Rammed 1 | . . 1 . Targets Rammed 1 | . . 1 . Kicked . | . . . . Crushed . | . . . . Highest Temperature 156 | . 156 30 . Average Temperature 28 | . 32 13 . Received Heat Transfer 204 | . 144 12 48 Siege Activations . | . . . . Martial Activations . | . . . . Shielding Activations . | . . . . Robots Disrupted . | . . . . Combat Hostiles . | . . . . Robots Corrupted . | . . . . Combat Hostiles . | . . . . Parts Fried . | . . . . Impact Corruptions . | . . . . Robots Melted . | . . . . Combat Hostiles . | . . . . Parts Melted 1 | . 1 . . Heat Transferred 222 | . 222 . . Parts Sabotaged . | . . . . Parts Stolen . | . . . . Parts Stripped . | . . . . Power Chain Reactions . | . . . . Alert | -11 -10 -10 -10 ------- Run | Yrd Mat Min Sub Maximum Alert Level 1 | . 1 . . Low Security (%) 89 | 100 87 100 . Level 1 10 | . 12 . . Level 2 . | . . . . Level 3 . | . . . . Level 4 . | . . . . Level 5 . | . . . . High Security . | . . . . Max Security . | . . . . Peak Influence 226 | . 226 180 . Initial 74 | . . 74 . Average 85 | . 86 126 . Influence Increases 693 | . 537 156 . Destroy 0b10 Robot/C 280 | . 180 100 . Destroy 0b10 Robot/NC 55 | . 50 5 . Destroy Leader 76 | . 56 20 . Successful Hack 8 | . 8 . . Disable Machine 90 | . 90 . . Destroy Structure 169 | . 138 31 . Lose Combat Pursuer 15 | . 15 . . Influence Decreases 693 | . 345 188 160 Entered New Map 202 | . . 118 84 Time Decay 451 | . 345 70 36 Lost Part 40 | . . . 40 Squads Dispatched 2 | . 2 . . Investigation 1 | . 1 . . Extermination . | . . . . Reinforcement 1 | . 1 . . Assault . | . . . . Garrison . | . . . . Intercept . | . . . . Searches Triggered . | . . . . Construction Impeded . | . . . . Haulers Reinforced . | . . . . Active Scanning Responses . | . . . . Cargo Convoy Interrupts . | . . . . Stealth | -11 -10 -10 -10 --------- Run | Yrd Mat Min Sub Distress Signals 1 | . 1 . . Communications Jammed . | . . . . Distress Signals . | . . . . Times Spotted 30 | . 15 3 12 Peak Tracking Total 8 | . 4 3 8 Tactical Retreats 1 | . 1 . . Traps | -11 -10 -10 -10 ------- Run | Yrd Mat Min Sub Traps Triggered 2 | . 2 . . Indirectly . | . . . . Trap Hack Attempts . | . . . . Triggered . | . . . . Disarmed . | . . . . Reprogrammed . | . . . . Reused . | . . . . Traps Extracted . | . . . . Installed . | . . . . Triggered . | . . . . Machines | -11 -10 -10 -10 ---------- Run | Yrd Mat Min Sub Machines Disabled 6 | . 6 . . Max in Single Turn 1 | . 1 . . Machines Repaired . | . . . . Machines Dismantled . | . . . . Machines Sabotaged . | . . . . Overloaded Fab Kills . | . . . . Hacking | -11 -10 -10 -10 --------- Run | Yrd Mat Min Sub Machines Accessed 6 | . 6 . . Terminals 6 | . 6 . . Fabricators . | . . . . Repair Stations . | . . . . Recycling Units . | . . . . Scanalyzers . | . . . . Garrison Access . | . . . . Total Hacks 9 | . 9 . . Successful 5 | . 5 . . Failed 4 | . 4 . . Catastrophic 1 | . 1 . . Database Lockouts . | . . . . Manual 6 | . 6 . . Terminals 9 | . 9 . . Fabricators . | . . . . Repair Stations . | . . . . Recycling Units . | . . . . Scanalyzers . | . . . . Garrison Access . | . . . . Terminal Hacks . | . . . . Fabricator Hacks . | . . . . Repair Station Hacks . | . . . . Recycling Unit Hacks . | . . . . Scanalyzer . | . . . . Garrison Access Hacks . | . . . . Unauthorized Hacks 5 | . 5 . . Terminals 5 | . 5 . . Botnet 5 | . 5 . . Fabricators . | . . . . Repair Stations . | . . . . Recycling Units . | . . . . Scanalyzers . | . . . . Garrison Access . | . . . . Data Cores Recovered . | . . . . Used . | . . . . Hacking Detections 3 | . 3 . . Full Trace Events . | . . . . Feedback Events . | . . . . Feedback Blocked . | . . . . Robot Schematics Acquired . | . . . . Robots Built . | . . . . Authchips . | . . . . Time . | . . . . Total Robot Build Rating . | . . . . Part Schematics Acquired . | . . . . Parts Built . | . . . . Authchips . | . . . . Time . | . . . . Total Part Build Rating . | . . . . Part Studies Acquired . | . . . . Parts Repaired . | . . . . Time . | . . . . Parts Recycled . | . . . . Recycled Matter . | . . . . Retrieved Matter . | . . . . Retrieved Components . | . . . . Parts Scanalyzed . | . . . . Part Schematics Acquired . | . . . . Parts Damaged . | . . . . Bothacking | -11 -10 -10 -10 ------------ Run | Yrd Mat Min Sub Used RIF Installer . | . . . . Robots Hacked . | . . . . Non-combat . | . . . . Combat . | . . . . Robot Hacks Applied . | . . . . Relay Couplers Released . | . . . . Fabnet Peak Effective % . | . . . . Robots Rewired . | . . . . Allies Hacked . | . . . . Hacks Repelled . | . . . . Allies | -11 -10 -10 -10 -------- Run | Yrd Mat Min Sub Total Allies . | . . . . Largest Group . | . . . . Highest-Rated Group . | . . . . Highest-Rated Ally . | . . . . Total Orders . | . . . . Ally Attacks . | . . . . Total Damage . | . . . . Kills . | . . . . Allies Corrupted . | . . . . Allies Melted . | . . . . Intel | -11 -10 -10 -10 ------- Run | Yrd Mat Min Sub Active Infowar (turns) . | . . . . Robot Analysis Total . | . . . . Derelict Logs Recovered 2 | . . 1 1 Drone Launches . | . . . . Drone Recoveries . | . . . . Exploration | -11 -10 -10 -10 ------------- Run | Yrd Mat Min Sub Turns Passed 1844 | 77 1083 158 526 Spaces Moved 953 | 46 600 88 219 Core 7 | 7 . . . Treads 946 | 39 600 88 219 Legs . | . . . . Wheels . | . . . . Hover . | . . . . Flight . | . . . . Fastest Speed 50 | 50 160 160 160 Average Speed 173 | 143 160 160 223 Slowest Speed 240 | 160 160 160 240 Overloaded Moves . | . . . . Propulsion Burnouts . | . . . . Robots Hopped . | . . . . Potential Cave-ins . | . . . . Cave-ins Triggered . | . . . . Exploration Rate (%) 33 | 4 78 32 18 Regions Visited 3 Branch Regions 2 Pre-discovered Areas 3 | . . 2 1 Known Exits Taken 2 | . 1 1 . Unknown Exits Taken 1 | 1 . . . Scrap Searched 1 | . . 1 . Spaces Dug 10 | . . . 10 Terrain Destroyed 214 | . 166 32 16 Melee . | . . . . Projectile . | . . . . AOE 214 | . 166 32 16 Terrain Rammed . | . . . . Walls Destroyed . | . . . . Machines Disabled . | . . . . Actions | -11 -10 -10 -10 --------- Run | Yrd Mat Min Sub Total 1075 | 57 671 94 253 Wait 25 | . . . 25 Move 950 | 45 599 87 219 Hop . | . . . . Pick Up 26 | 7 18 . 1 Fast Attach . | . . . . Attach 11 | 5 3 . 3 Detach . | . . . . Swap 4 | . 3 1 . Drop 7 | . 4 . 3 Fire 51 | . 44 5 2 Melee . | . . . . Ram . | . . . . Kick . | . . . . Crush 1 | . . 1 . Escape Stasis . | . . . . Rewire . | . . . . Trap . | . . . . Miscellaneous . | . . . . Route ------- -11/Scrapyard -10/Materials (discovered 4 exits: *Mat x2 / *Min x2) -10/Mines -10/Subcaves History --------- Turn | Location | Event 11 | -11/Scrapyard | Discovered new exit (range 15) 78 | -11/Scrapyard | Entered Materials 302 | -10/Materials | Discovered new exit (range 7) 306 | -10/Materials | Build established: Mutant 337 | -10/Materials | Discovered new exit (range 6) 673 | -10/Materials | Discovered new exit (range 9) 990 | -10/Materials | Discovered new exit (range 11) 1014 | -10/Materials | Identified exit to Materials 1160 | -10/Materials | Identified exit to Mines 1161 | -10/Materials | Entered Mines 1162 | -10/Mines | Learned location of Storage (-9) 1274 | -10/Mines | Learned location of Zion (-6) 1311 | -10/Mines | Discovered new exit (range 4) 1316 | -10/Mines | Identified exit to Subcaves 1319 | -10/Mines | Entered Subcaves 1356 | -10/Subcaves | Learned 2 Materials zone layouts 1370 | -10/Subcaves | Ambushed by swarm of Subdwellers 1370 | -10/Subcaves | Ambushed by Subdwellers from Twisted Machinery 1370 | -10/Subcaves | Ambushed by Subdwellers from Twisted Machinery 1370 | -10/Subcaves | Ambushed by Subdwellers from Twisted Machinery 1371 | -10/Subcaves | Core integrity fell below 50% 1373 | -10/Subcaves | Core integrity fell below 20% 1411 | -10/Subcaves | Lost 4 parts (1p1n2w) 1652 | -10/Subcaves | Met a Zionite searching for "candidates" 1709 | -10/Subcaves | Disturbed a concealed Subdweller 1845 | -10/Subcaves | Destroyed by ZK-06T(R) with Subdweller Laser Last Messages --------------- 01459_ Acquired 51 matter. 01460_ Subatomizers dissect the Disposable Heat Sink. 01464_ Acquired 70 matter. 01472_ Subatomizers dissect the Disposable Heat Sink. 01624_ XD-U3Z(z): "She is not going to be happy we haven't found any suitable candidates yet." 01642_ System corrupted: Component data lost. 01652_ XD-U3Z(z): "Hey you! It's really dangerous down here, I feel that you could die at any moment. For your health and safety might I suggest a trip to Zion?" World map confirmed: -6/Zion. 01675_ System corrupted: Matter fused (-7). 01709_ K8-ZY6(R) angrily emerges from the Twisted Machinery. 01755_ The unstable cave ceiling collapses. 01772_ J5QF63V<1M#DCO7NAM=>V56BWI 01829_ Y5-WHL(g) suffers critical hit (Destroy). 01829_ Y5-WHL(g) destroyed. 01842_ 0O-70V(R) heat spikes uncontrollably. 01843_ 0O-70V(R) heat short circuits Sub. Power Source. 01843_ 0O-70V(R) destroyed. Map ----- +----------------------------------------------------+ | ????????????????????### # ###???????????????? | | ??????????????????### !%& ##??????????????? | | ??????????????????# #??????????????? | | ??????????????????# #??????????????? | | ??????????????????# #???????????????? | | ??????????????????# #???????????????? | | ???????????????#### ##???????????????? | | ???????????????# ### ## #????????????????? | | ?????????????#### ## #?# ### #????????????????? | | ?????????????# #??# ##?# ###????????????????? | | ?????????????# ### #?# #??????????????????? | | ??????????????# # #?## #??????????????????? | | ???????????????# ##??# ##?????????????????? | | ???????????????## #??## ##????????????????? | | ????????????????# ####### ##???????????????? | | ????????????????##zz ### #???????????????? | | ?????????????????# ### ##??????????????? | | ?????????????????### ## #??????????????? | | ???????????????????# ### ##??????????????? | | ???????????????????# # ## #??????????????? | | ???????????????????## ## ###????????????? | | ????????????????????# ##???????????? | | ????????????????????# #???????????? | | ????????????????????# ### "" ???? | | ???????????????????## """ ?????? | | ???????????????????# @ gg "" #?????? | | ???????????????????# % %& ##?????? | | ??????????????###### ## ! #??????? | | ??????????????# ##### R ????? | | ??????????????## ##??##### " " ???? | | ??????????????## ###??# ### ### " " ????? | | ?????????????## ##???? ## #?? " ???? | | ?????????????# ##???# #?# ##??? ????? | | ?????????????#### #### #? ##????? ####???? | | ?????????????##?## #?# #???????#??????? | | ?????????????# ### #??# ??????????????? | | ?????????????# ## #??# ??????????????? | | ?????????????# #?? ?????????????? | | ?????????????## #### #?? ?????????????? | | ??????????????#####?## #?? ?????????????? | | ???????????????????## #??## ??????????????? | | ??????????????????## ##???????????????????? | | ?????????????????## ##??????????????????? | | ????????????????## #??????????????????? | | ???????????????## #??????????????????? | | ???????????????# #####??????????????????? | | ??????????????# ## ##??????????????????????? | | ??????????????## #### #???????????????????????? | | ???????????????#### #???????????????????????? | | ?????????????????# #???????????????????????? | +----------------------------------------------------+ Best States ------------- Heat Dissipation 25 Energy Generation 14 Energy Capacity 250 Matter Stores 300 Matter Capacity 300 Sight Range 16 Terrain Scan Density 10 Evasion (%) 40 Recoil Reduction 2 Item Schematics ----------------- None Robot Schematics ------------------ None Fabricated ------------ Nothing Repaired ---------- Nothing Studied --------- None Alien Tech Used ----------------- None Achievements -------------- Quantum Hacking True Hacker Challenges ------------ None Game ------ Seed TacticalLauncherKatana Manual? 0 Play Time 00:19:54 Cumulative 14.4 hours Start 2026.01.08 @ 12:38:44 End 2026.01.08 @ 12:59:16 Sessions 1 Manual Loads 0 Difficulty Rogue Special Mode None Game No. 17 Rogue 17 Adventurer 0 Explorer 0 Win Type - Total 0 Types 0/0/0/0/0/0/0/0/0/0 Lore% 18 Gallery% 11 Achievement% 14 Wizard Run 0 Options --------- Layout 0 ASCII 0 Keyboard 0 Movement Mouse Keybinds 0 Fullscreen 2 Font 36/Smallcaps Map View 76x50 Zoom Use 0% Tactical HUD 1 Map Filters NONE Filters NONE Steam 1 RUN: 8b742191-0650-4d56-a6fd-fade210677d6